 Dungeon Crawl Stone Soup version 0.29-a0-1047-g7c58e119a4 (webtiles) character file.

Game seed: 6215968636382529415

88 ytrimaz the Insei (level 4, -1/32 HPs)
             Began as a Demonspawn Transmuter on Aug 17, 2022.
             Slain by a gnoll
             ... wielding a +0 flail
              (6 damage)
             ... on level 2 of the Dungeon.
             The game lasted 00:02:50 (2886 turns).

ytrimaz the Insei (Demonspawn Transmuter)           Turns: 2886, Time: 00:02:51

Health: -1/32      AC:  3    Str: 10    XL:     4   Next: 30%
Magic:  7/7        EV: 12    Int: 17    God:
Gold:   87         SH:  0    Dex: 13    Spells: 2/7 levels left

rFire   . . .      SeeInvis .     - Unarmed
rCold   . . .      Faith    .   (no shield)
rNeg    . . .      Spirit   .   a - +1 robe
rPois   .          Reflect  .   (helmet currently unavailable)
rElec   .          Harm     .   (no cloak)
rCorr   .          Rampage  .   (no gloves)
Will    .....                   (boots currently unavailable)
Stlth   +.........              (no amulet)
HPRegen 0.10/turn               (no ring)
MPRegen 0.10/turn               (no ring)

@: appendages (expiring)
A: horns 2, talons 2, claws 1, hooves 1
a: End Transformation


You were on level 2 of the Dungeon.
You had temporarily grown beastly horns and talons.
You visited 1 branch of the dungeon, and saw 2 of its levels.

You collected 87 gold pieces.

Inventory:

Armour
 a - a +1 robe (worn)
Scrolls
 c - 2 scrolls of teleportation
Potions
 b - a potion of cancellation {unknown}
 d - a potion of haste {unknown}
 e - 2 potions of curing
 g - a potion of ambrosia {unknown}


   Skills:
 + Level 1.0 Fighting
 + Level 2.3 Dodging
 + Level 4.2 Unarmed Combat
 - Level 2.0 Spellcasting
 - Level 1.7 Transmutations
 + Level 0.3 Air Magic
 + Level 0.6 Poison Magic


You had 2 spell levels left.
You knew the following spells:

 Your Spells              Type           Power      Damage    Failure   Level
a - Beastly Appendage     Tmut           14%        N/A       10%         1
b - Wereblood             Tmut           7%         N/A       14%         2
c - Poisonous Vapours     Pois/Air       6%         N/A       24%         2

Your spell library contained the following spells:

 Spells                   Type           Power      Damage    Failure   Level
 Magic Dart               Conj           4%         1d3       19%         1
 Call Imp                 Summ           1%         N/A       28%         2
 Spider Form              Tmut/Pois      5%         N/A       34%         3
 Mephitic Cloud           Conj/Pois/Air  2%         N/A       45%         3
 Ice Form                 Ice/Tmut       4%         N/A       80%         4
 Corpse Rot               Necr/Pois/Air  2%         N/A       86%         4


Dungeon Overview and Level Annotations

Branches:
Dungeon (2/15)

Altars:


Innate Abilities, Weirdness & Mutations

You have temporarily grown beastly horns and talons.
You have sharp fingernails.
You have large cloven feet.


Message History

You scratch the kobold. Your headbutt misses the kobold.
The kobold is heavily wounded.
The kobold drinks a potion.
The kobold is healed!
The rat barely misses you.
Unknown command.
You scratch the rat.
The rat is heavily wounded.
The kobold barely misses you. The rat closely misses you.
You claw the rat!
You kill the rat!
The ball python closely misses you. The ball python grabs you.
The ball python constricts you. The kobold hits you but does no damage.
Unknown command.
You closely miss the kobold. You claw the kobold.
The kobold is severely wounded.
Your transformation is almost over.
The ball python bites you. The ball python constricts you.
The kobold hits you with a +0 whip.
You scratch the ball python.
You kill the ball python!
The kobold hits you with a +0 whip.
You scratch the kobold but do no damage.
Your kick misses the kobold.
The kobold is severely wounded.
The gnoll barely misses you. The kobold barely misses you.
You barely miss the kobold. Your kick misses the kobold.
The kobold is severely wounded.
You claw the kobold!
You kill the kobold!
The gnoll hits you with a +0 flail!
* * * LOW HITPOINT WARNING * * *
You are too injured to fight recklessly!
Unknown command.
You scratch the gnoll. You claw the gnoll, but do no damage.
The gnoll is lightly wounded.
The gnoll barely misses you.
Unknown command.
You scratch the gnoll but do no damage.
The gnoll is lightly wounded.
The gnoll hits you with a +0 flail.
You die...

#....g.........♣
...>....................
#.......#...............
........................
#.#.#.#.######.##.......
. ......................
.. ....##......#....#..
...###)g................
.......@................
......†.................
........................
.....################...
..... #... .... #... ...
#... ##. #... #...


You could see a gnoll.

Vanquished Creatures
  2 adders (D:2)
  A gnoll (D:2)
  3 worms (D:2)
  2 dart slugs
  5 endoplasms
  3 giant cockroaches (D:1)
  5 goblins
  6 hobgoblins
  4 jackals (D:2)
  2 quokkas (D:2)
  A ball python (D:2)
  A bat (D:1)
  2 frilled lizards
  3 kobolds
  4 rats
44 creatures vanquished.

Notes
Turn   | Place    | Note
-------+----------+-------------------------------------------
     0 | D:1      | ytrimaz the Demonspawn Transmuter began the quest for the
                  | Orb.
     0 | D:1      | Reached XP level 1. HP: 15/15 MP: 3/3
   153 | D:1      | Reached skill level 3 in Unarmed Combat
   165 | D:1      | Discovered your monstrous ancestry.
   165 | D:1      | Gained mutation: You have large cloven feet. [demonic
                  | ancestry]
   165 | D:1      | Reached XP level 2. HP: 4/21 MP: 5/5
  1140 | D:1      | Reached XP level 3. HP: 26/26 MP: 4/6
  1143 | D:1      | Learned a level 2 spell: Wereblood
  1146 | D:1      | Learned a level 2 spell: Poisonous Vapours
  1823 | D:2      | Found a faded altar of an unknown god.
  2027 | D:2      | Reached skill level 4 in Unarmed Combat
  2094 | D:2      | HP: 1/26 [worm (3)]
  2127 | D:2      | Identified the +4 hammer of Evil {venom, rC+++ Str+2 Int-3
                  | Stlth+}
  2164 | D:2      | Gained mutation: You have sharp fingernails. [demonic
                  | ancestry]
  2164 | D:2      | Reached XP level 4. HP: 13/32 MP: 7/7
  2886 | D:2      | Slain by a gnoll

Illustrated notes

Levels and vault maps discovered:
D:1:      roderic_octagonal_star, layout_loops_ring
D:2:      layout_basic, shapermc_ecumenical_altar_totnotflames, st_stairs_4,
          uniq_crazy_yiuf_cottage

Skill      XL: |  1  2  3 |
---------------+----------+-----
Unarmed Combat | 3 4 |  4.2
Dodging        | 2 |  2.3
Fighting       | |  1.0
Spellcasting   | |  2.0
Transmutations | |  1.7
Air Magic      | |  0.3
Poison Magic   | |  0.6

Action                   |  1- 3 |  4- 6 || total
-------------------------+-------+-------++-------
Melee: Unarmed           |   111 |    16 ||   127
       Headbutt          |    10 |       ||    10
       Kick              |    24 |     3 ||    27
       Punch             |     2 |     1 ||     3
 Cast: Beastly Appendage |    24 |     2 ||    26
       Wereblood         |     1 |       ||     1
       Poisonous Vapours |     1 |       ||     1
  Use: Scroll            |     3 |       ||     3
       Potion            |     1 |       ||     1
Armor: Robe              |    17 |     1 ||    18
       Skin              |     2 |       ||     2
Dodge: Dodged            |    45 |    13 ||    58

Table legend: (Time is in decaauts)
 A = Elapsed time spent in this place.
 B = Non-inter-level travel time spent in this place.
 C = Inter-level travel time spent in this place.
 D = Time resting spent in this place.
 E = Time spent auto-exploring this place.
 F = Levels seen in this place.
 G = Mean time per level.
                   A        B        C        D        E       F      G
               +--------+--------+--------+--------+--------+-----+--------+
         Total |   2878 |   2831 |     47 |    568 |   1879 |   2 | 1439.0 |
       Dungeon |   2878 |   2831 |     47 |    568 |   1879 |   2 | 1439.0 |
               +--------+--------+--------+--------+--------+-----+--------+

Top non-repeatable levels by time:
     D:1: 1593 daAuts
     D:2: 1284 daAuts
